Map: Neon Violet Square LE

Players

ZergSlayaBoi

  • Race: Protoss Protoss
  • Spawn Location: 5:00

Infamous - Winner!

  • Race: Protoss Protoss
  • League: Gold
  • Spawn Location: 11:00

VOD

Have the link to the VOD?

Description

Time

  • Played on: April 23, 2018, 3:26 p.m.
  • Length: 6:09
Show
View Real Time Build Order
Export as new Build Order

ZergSlayaBoi Protoss 

Build Orders:  

Get SALT Encoding   

  12  0:01  Probe  
  13  0:13  Probe  
  14  0:18  Pylon  
  14  0:25  Probe  
  15  0:38  Gateway  
  15  0:39  Probe  
  16  0:44  Assimilator  
  16  0:54  Probe  
  17  1:06  Probe  
  18  1:18  Probe  
  19  1:26  Cybernetics Core  
  19  1:30  Probe, Zealot  
  22  1:40  Warp Gate  
  22  1:41  Pylon  
  22  2:02  Adept  
  24  2:11  Gateway  
  24  2:12  Gateway  
  24  2:51  Pylon  
  23  2:59  Probe  
  23  3:04  Adept  
  26  3:11  Probe  
  26  3:12  Pylon  
  27  3:40  Gateway  
  26  3:49  Zealot x3  
  32  4:12  Stalker x3  
  34  5:00  Pylon  
  34  5:01  Pylon  
  30  5:19  Stalker x3  
  34  5:46  Stalker x2  
  34  5:47  Stalker  
Show
View Real Time Build Order
Export as new Build Order

Infamous Protoss - Winner!

Build Orders: 1 Gate Expand 

Get SALT Encoding   

  12  0:01  Probe  
  13  0:15  Pylon  
  13  0:19  Probe  
  14  0:33  Probe  
  14  0:35  Gateway  
  14  0:41  Probe  
  16  0:51  Probe  
  17  0:58  Assimilator  
  17  0:59  Probe  
  18  1:08  Probe  
  19  1:26  Probe  
  19  1:31  Nexus  
  20  1:47  Probe  
  20  1:51  Cybernetics Core  
  21  2:07  Probe  
  22  2:14  Gateway  
  22  2:16  Assimilator  
  22  2:18  Warp Gate  
  22  2:19  Probe  
  23  2:28  Pylon  
  23  2:42  Zealot  
  23  2:43  Probe  
  26  2:44  Probe  
  26  2:48  Pylon  
  27  2:52  Probe  
  27  2:56  Adept  
  30  3:07  Probe x2  
  30  3:11  Robotics Facility  
  32  3:19  Stalker  
  34  3:27  Probe  
  34  3:28  Probe  
  36  3:38  Shield Battery  
  36  3:39  Shield Battery  
  36  3:41  Stalker  
  38  3:50  Probe x2  
  40  3:57  Robotics Facility  
  40  4:03  Immortal  
  44  4:25  Probe x2  
  46  4:38  Stalker  
  46  4:39  Stalker  
  44  4:56  Immortal  
  44  4:57  Stalker  
  42  5:12  Stalker  
  44  5:21  Probe x2  
  46  5:27  Pylon  
  46  5:30  Pylon  
  46  5:53  Stalker x2  
Tags
 
League
Gold
Matchup
PvP
Replay Pack
Last Remnant (2)
Spawn Locations
Cross Positions
Add a new tag
Caveats
  • Supply blocks, unpowered buildings, or Contaminate may cause inaccurate times.
  • Supply counts are checked every 10 seconds.